[Event "fics rated crazyhouse match"]
[Site "fics, Oklahoma City, OK USA"]
[Date "2000.11.24"]
[White "pminear"]
[WhiteElo "2417"]
[Black "jiggaman"]
[BlackElo "2318"]
[TimeControl "60+0"]
[Result "1-0"]

1. e4 e6 2. Nc3 Nc6 3. d4 Bb4 4. a3 Nf6 5. axb4 Nxb4 6. B@g5 
h6 7. Bxf6 Qxf6 8. e5 Qg6 9. Nf3 Nd5 10. Nxd5 exd5 11. N@f4 Qe4+ 
12. Qe2 B@b4+ 13. N@c3 Bxc3+ 14. bxc3 Qxe2+ 15. Bxe2 P@g5 16. Nxd5 N@f5 17. Nxc7+ 
Kd8 18. Nxa8 N@d5 19. P@d6 Q@c6 20. P@c7+ Nxc7 21. dxc7+ Qxc7 22. Nxc7 
{jiggaman resigns} 1-0

[Event "fics rated crazyhouse match"]
[Site "fics, Oklahoma City, OK USA"]
[Date "2000.11.24"]
[White "jiggaman"]
[WhiteElo "2310"]
[Black "pminear"]
[BlackElo "2423"]
[TimeControl "60+0"]
[Result "0-1"]

1. e4 e5 2. Bc4 Nc6 3. Nf3 Bc5 4. d3 Nf6 5. O-O O-O 6. Bg5 
Be7 7. h4 d6 8. Nc3 Bg4 9. Nd5 Nxd5 10. exd5 Bxf3 11. Qxf3 Nd4 
12. Qg4 Bxg5 13. hxg5 N@e2+ 14. Kh1 B@f5 15. Qh5 Nf4 16. Qh4 Ng6 17. Qh5 
N@f4 18. Qh2 Qxg5 19. B@g3 P@f3 20. gxf3 Nxf3 21. P@g2 Nxh2 22. Bxh2 Qxg2# 
{jiggaman checkmated} 0-1

[Event "fics rated crazyhouse match"]
[Site "fics, Oklahoma City, OK USA"]
[Date "2000.11.24"]
[White "pminear"]
[WhiteElo "2429"]
[Black "jiggaman"]
[BlackElo "2303"]
[TimeControl "60+0"]
[Result "1-0"]

1. e4 Nf6 2. Nc3 d5 3. exd5 Nxd5 4. d4 Nc6 5. Nf3 Bg4 6. Nxd5 
Qxd5 7. Be2 e6 8. N@e5 Nxe5 9. Nxe5 Qxg2 10. P@d7+ Ke7 11. Bg5+ P@f6 
12. N@c8+ Kd8 13. Bxg4 Qxh1+ 14. B@f1 Bb4+ 15. c3 P@g2 16. Nxf7+ Kxd7 17. Bxe6+ 
Kxe6 18. Qg4+ B@f5 19. d5+ Kxf7 20. P@e6+ Kg6 21. P@h5# 
{jiggaman checkmated} 1-0

[Event "fics rated crazyhouse match"]
[Site "fics, Oklahoma City, OK USA"]
[Date "2000.11.24"]
[White "jiggaman"]
[WhiteElo "2296"]
[Black "pminear"]
[BlackElo "2434"]
[TimeControl "60+0"]
[Result "0-1"]

1. e4 e5 2. Bc4 Nc6 3. Nf3 Bc5 4. d3 Nf6 5. O-O O-O 6. Bg5 
Be7 7. Nc3 d6 8. h3 Be6 9. Nd5 Nxd5 10. exd5 Bxh3 11. Bxe7 Qxe7 
12. dxc6 bxc6 13. gxh3 N@f4 14. N@f5 Qf6 15. N@e7+ Kh8 16. B@g4 P@e2 17. Qd2 
exf1=Q+ 18. Rxf1 P@g2 
{jiggaman resigns} 0-1

[Event "fics rated crazyhouse match"]
[Site "fics, Oklahoma City, OK USA"]
[Date "2000.11.24"]
[White "pminear"]
[WhiteElo "2439"]
[Black "jiggaman"]
[BlackElo "2290"]
[TimeControl "60+0"]
[Result "1-0"]

1. e4 Nf6 2. Nc3 d5 3. exd5 Nxd5 4. d4 Nc6 5. Nf3 Bg4 6. Be2 
e6 7. O-O Bd6 8. Nxd5 exd5 9. N@e5 P@e4 10. Nxg4 exf3 11. Bxf3 O-O 
12. P@e5 Be7 13. P@h6 gxh6 14. Bxh6 f6 15. exf6 Bxf6 16. Bxf8 Qxf8 17. B@e6+ 
Kh8 18. P@f7 N@e7 19. Nxf6 N@h6 20. B@g5 B@g7 21. Bxh6 Bxh6 22. R@g8+ Nxg8 
23. fxg8=Q+ Qxg8 24. Nxg8 Rxg8 25. Q@f6+ Rg7 26. N@f7+ Kg8 27. Nxh6+ Kh8 28. N@f7# 
{jiggaman checkmated} 1-0

[Event "fics rated crazyhouse match"]
[Site "fics, Oklahoma City, OK USA"]
[Date "2000.11.24"]
[White "jiggaman"]
[WhiteElo "2284"]
[Black "pminear"]
[BlackElo "2444"]
[TimeControl "60+0"]
[Result "0-1"]

1. e4 e5 2. Bc4 Nc6 3. d3 Bc5 4. Nf3 Nf6 5. O-O O-O 6. Bg5 
Be7 7. Nc3 d6 8. h3 Be6 9. Qd2 Bxc4 10. dxc4 B@d4 11. Nd5 Nxd5 
12. cxd5 Bxg5 13. Nxg5 B@f4 14. Nxf7 Bxd2 15. Nxd8 Raxd8 16. B@e6+ N@f7 17. Bxf7+ 
Rxf7 18. P@e6 Rxf2 19. Rxf2 Bxf2+ 20. Kxf2 Q@e3# 
{jiggaman resigns} 0-1

[Event "fics rated crazyhouse match"]
[Site "fics, Oklahoma City, OK USA"]
[Date "2000.11.25"]
[White "pminear"]
[WhiteElo "2442"]
[Black "jiggaman"]
[BlackElo "2286"]
[TimeControl "60+0"]
[Result "1-0"]

1. e4 e6 2. Nc3 Nf6 3. e5 Nd5 4. Nxd5 exd5 5. d4 d6 6. Nf3 
Bg4 7. Be2 dxe5 8. Nxe5 Bxe2 9. Qxe2 B@e4 10. f3 Bb4+ 11. P@c3 N@c6 
12. Nxc6 Nxc6 13. fxe4 Nxd4 14. Qf2 Nc6 15. O-O O-O 16. B@h6 gxh6 17. N@f6+ 
Kh8 18. Bxh6 Rg8 19. P@g7+ Rxg7 20. Bxg7+ Kxg7 21. Nh5+ Kg8 22. Qxf7+ Kh8 
23. Qg7# 
{jiggaman checkmated} 1-0

[Event "fics rated crazyhouse match"]
[Site "fics, Oklahoma City, OK USA"]
[Date "2000.11.25"]
[White "jiggaman"]
[WhiteElo "2281"]
[Black "pminear"]
[BlackElo "2447"]
[TimeControl "60+0"]
[Result "0-1"]

1. e4 e5 2. Nc3 Nc6 3. Bc4 Bc5 4. Bxf7+ Kxf7 5. Nf3 B@f6 6. O-O 
d6 7. P@d5 Nd4 8. Nxd4 Bxd4 9. Ne2 Kf8 10. Nxd4 exd4 11. B@f5 Bxf5 
12. exf5 N@f4 13. d3 N@e2+ 14. Kh1 B@f7 15. B@f3 Qe7 16. N@e6+ Nxe6 17. dxe6 
Bxe6 18. fxe6 Qxe6 19. Qxe2 Qxe2 20. Bxe2 P@h3 21. Bf3 hxg2+ 22. Bxg2 P@e2 
23. N@e6+ Ke7 24. N@d5+ Kxe6 25. Nf4+ Ke7 26. Q@e6+ Kf8 27. Qxe2 N@e5 28. P@e3 
N@h4 29. exd4 Nxg2 30. dxe5 Nxf4 31. P@e7+ Nxe7 32. N@d7+ Ke8 33. Nxf6+ gxf6 
34. P@f7+ Kd8 35. Bxf4 P@g2+ 36. Kxg2 N@h4+ 37. Kh3 Q@g2+ 38. Kxh4 Ng6+ 39. Kh5 
Nxf4+ 40. Kh4 B@g5# 
{jiggaman checkmated} 0-1

[Event "fics rated crazyhouse match"]
[Site "fics, Oklahoma City, OK USA"]
[Date "2000.11.25"]
[White "pminear"]
[WhiteElo "2451"]
[Black "jiggaman"]
[BlackElo "2276"]
[TimeControl "60+0"]
[Result "1-0"]

1. e4 d5 2. exd5 e6 3. Bb5+ c6 4. dxc6 bxc6 5. Be2 Nf6 6. Nf3 
Bc5 7. O-O P@e4 8. Ne5 O-O 9. Nc3 Bd6 10. P@f4 Nbd7 11. Nxc6 Qc7 
12. P@e5 Qxc6 13. exf6 gxf6 14. P@g5 fxg5 15. fxg5 P@g7 16. P@h6 P@h3 17. gxh3 
N@f4 18. P@g2 Bb7 19. hxg7 e3 20. Bf3 e2 21. Bxc6 exf1=Q+ 22. Qxf1 
{jiggaman resigns} 1-0

[Event "fics rated crazyhouse match"]
[Site "fics, Oklahoma City, OK USA"]
[Date "2000.11.25"]
[White "liveZ"]
[WhiteElo "2378"]
[Black "JKiller"]
[BlackElo "2535"]
[TimeControl "180+0"]
[Result "1-0"]

1. e4 e6 2. d4 Nc6 3. Nf3 Nf6 4. Bg5 Be7 5. Nc3 d6 6. Be2 
O-O 7. e5 Ng4 8. Bxe7 Qxe7 9. Ne4 dxe5 10. dxe5 Qb4+ 11. Nc3 Ncxe5 
12. Nxe5 Nxe5 13. B@a3 Qf4 14. Bxf8 P@d2+ 15. Qxd2 Qxd2+ 16. Kxd2 B@g5+ 17. P@e3 
Bxe3+ 18. fxe3 N@c4+ 19. Ke1 Q@d2+ 20. Kf1 Nxe3+ 21. Kg1 P@f2+ 22. Kxf2 N5g4+ 
23. Kg3 P@f4+ 24. Kh4 Nxg2+ 25. Kh3 Nf2+ 26. Kxg2 P@h3+ 27. Kg1 Qd8 28. R@h8+ 
Kxh8 29. Bxg7+ Kxg7 30. N@h5+ Kf8 31. B@c5+ B@d6 32. P@e7# 
{JKiller forfeits on time} 1-0

[Event "fics rated crazyhouse match"]
[Site "fics, Oklahoma City, OK USA"]
[Date "2000.11.25"]
[White "JKiller"]
[WhiteElo "2515"]
[Black "liveZ"]
[BlackElo "2389"]
[TimeControl "180+0"]
[Result "0-1"]

1. e4 e6 2. d4 d5 3. exd5 exd5 4. Bb5+ P@c6 5. Qe2+ Qe7 6. Bd3 
Nf6 7. P@e5 Ne4 8. Bxe4 dxe4 9. Qxe4 B@d5 10. Qxd5 cxd5 11. Nc3 Qb4 
12. B@a3 Qxd4 13. Nf3 Qc4 14. Bxf8 P@d3 15. Bxg7 Qxc3# 
{JKiller resigns} 0-1

[Event "fics rated crazyhouse match"]
[Site "fics, Oklahoma City, OK USA"]
[Date "2000.11.25"]
[White "liveZ"]
[WhiteElo "2400"]
[Black "JKiller"]
[BlackElo "2497"]
[TimeControl "180+0"]
[Result "1-0"]

1. e4 e6 2. d4 Nc6 3. Nf3 d5 4. exd5 exd5 5. Bb5 Bb4+ 6. Nc3 
Qe7+ 7. P@e3 Nf6 8. Ne5 Bd7 9. Nxd7 Qxd7 10. Bxc6 bxc6 11. N@e5 Qe6 
12. B@b7 B@b5 13. Bxa8 Bxc3+ 14. bxc3 P@e2 15. R@b8+ N@d8 16. Bxc6+ Ke7 17. Ba3+ 
N@d6 18. Bxb5 exd1=Q+ 19. Rxd1 Ne4 20. B@h4+ f6 21. Bxd6+ Nxd6 22. Rxd8 Rxd8 
23. N@g6+ hxg6 24. Nxg6+ Kf7 25. N@h8+ Kg8 26. P@f7+ Nxf7 27. Nxf7 Qxf7 28. P@e7 
Rb8 29. e8=Q+ Rxe8 30. Bxe8 R@e2+ 31. Kxe2 B@b5+ 32. Bxb5 Q@h5+ 33. P@f3 Qhxg6 
34. R@c8+ N@f8 35. B@d3 P@e4 36. B@e8 exd3+ 37. cxd3 B@c2 38. Bxf7+ Qxf7 39. P@g6 
Bxd1+ 40. Rxd1 R@b2+ 41. B@d2 Qxg6 42. Rxf8# 
{JKiller forfeits on time} 1-0

[Event "fics rated crazyhouse match"]
[Site "fics, Oklahoma City, OK USA"]
[Date "2000.11.25"]
[White "JKiller"]
[WhiteElo "2481"]
[Black "liveZ"]
[BlackElo "2410"]
[TimeControl "180+0"]
[Result "1-0"]

1. e4 e6 2. d4 d5 3. e5 Ne7 4. Nh3 Nbc6 5. Be2 Nf5 6. Be3 
Bb4+ 7. c3 Be7 8. O-O f6 9. Bh5+ g6 10. exf6 Bxf6 11. P@g5 Bg7 
12. Bg4 O-O 13. Nd2 P@e4 14. Bxf5 exf5 15. f3 B@b5 16. fxe4 Bxf1 17. Qxf1 
fxe4 18. P@f6 Bxf6 19. N@h6+ Kg7 20. gxf6+ Rxf6 21. B@e5 P@f3 22. B@g5 Bxh3 
23. Bgxf6+ Qxf6 24. Bxf6+ Kxf6 25. Q@f7# 
{liveZ checkmated} 1-0

[Event "fics rated crazyhouse match"]
[Site "fics, Oklahoma City, OK USA"]
[Date "2000.11.25"]
[White "liveZ"]
[WhiteElo "2404"]
[Black "JKiller"]
[BlackElo "2491"]
[TimeControl "180+0"]
[Result "0-1"]

1. e4 e6 2. d4 Nc6 3. Nf3 Nf6 4. Bg5 Be7 5. Nc3 d6 6. Be2 
O-O 7. O-O e5 8. dxe5 dxe5 9. P@h6 gxh6 10. Bxh6 P@d4 11. P@g5 Ng4 
12. Bxf8 Qxf8 13. Nxd4 exd4 14. Bxg4 Bxg5 15. Nd5 B@g7 16. N@h5 N@e5 17. P@f6 
Bxg4 18. fxg7 Qxg7 19. Nxg7 Kxg7 20. B@f4 B@h6 21. Bxe5+ Nxe5 22. Qxg4 Nxg4 
23. N@f5+ Kh8 24. Nxh6 N@e2+ 25. Kh1 Q@g1+ 26. Rxg1 Nxf2# 
{liveZ checkmated} 0-1

[Event "fics rated crazyhouse match"]
[Site "fics, Oklahoma City, OK USA"]
[Date "2000.11.25"]
[White "JKiller"]
[WhiteElo "2500"]
[Black "liveZ"]
[BlackElo "2398"]
[TimeControl "180+0"]
[Result "1-0"]

1. e4 e6 2. d4 d5 3. e5 c5 4. Nf3 Nc6 5. Bb5 Bd7 6. Nc3 
Nxd4 7. Bxd7+ Qxd7 8. Nxd4 cxd4 9. Qxd4 B@c5 10. Qd1 d4 11. B@a4 P@c6 
12. P@d6 Bfxd6 13. exd6 Qxd6 14. N@e4 Qe7 15. Nxc5 Qxc5 16. Ne4 Qe5 17. B@f3 
Rd8 18. Bxc6+ bxc6 19. B@g3 Qa5+ 20. Bd2 P@c3 21. bxc3 dxc3 22. Bxc3 Rxd1+ 
23. Rxd1 Qxc3+ 24. Nxc3 P@d5 25. R@d8+ Kxd8 26. P@c7+ Kc8 27. Q@d8# 
{liveZ resigns} 1-0

[Event "fics rated crazyhouse match"]
[Site "fics, Oklahoma City, OK USA"]
[Date "2000.11.25"]
[White "Hhippien"]
[WhiteElo "2119"]
[Black "liveZ"]
[BlackElo "2392"]
[TimeControl "180+0"]
[Result "1-0"]

1. e4 e6 2. d4 d5 3. exd5 exd5 4. Bb5+ P@c6 5. Be2 Nf6 6. Nf3 
Ne4 7. O-O Bd6 8. P@e5 Be7 9. Nc3 Bf5 10. Bf4 Nd7 11. Nxe4 dxe4 
12. N@h5 Rg8 13. Nd2 Nf8 14. Ng3 Bg6 15. Ndxe4 Bxe4 16. Nxe4 Ne6 17. Be3 
N@f4 18. Bg4 N@d5 19. P@f5 Ng5 20. B@f3 Rh8 21. e6 fxe6 22. Nxg5 Bxg5 
23. fxe6 P@f6 24. P@d7+ Kf8 25. N@f5 N@d6 26. Nxd6 cxd6 27. Bxf4 Bxf4 28. Bxd5 
cxd5 29. N@f5 B@g6 30. e7+ Qxe7 31. Nxe7 Bxh2+ 32. Kxh2 P@f7 33. Nxg6+ hxg6+ 
34. B@h3 B@c6 35. Q@c8+ Rxc8 36. dxc8=Q+ N@e8 37. Qe2 P@e5 38. dxe5 fxe5 39. P@e7+ 
Kxe7 40. B@d8+ Kf8 41. N@g5 P@f4 42. Qxe5 P@g3+ 43. fxg3 fxg3+ 44. Qxg3 N@f6 
45. P@e7+ Kg8 46. R@f8# 
{liveZ checkmated} 1-0

[Event "fics rated crazyhouse match"]
[Site "fics, Oklahoma City, OK USA"]
[Date "2000.11.25"]
[White "liveZ"]
[WhiteElo "2379"]
[Black "Hhippien"]
[BlackElo "2132"]
[TimeControl "180+0"]
[Result "0-1"]

1. e4 e6 2. d4 d5 3. exd5 exd5 4. Nf3 Be7 5. Ne5 Nf6 6. Bb5+ 
P@c6 7. Be2 Bf5 8. Nc3 Nbd7 9. Bg5 Nxe5 10. dxe5 Ne4 11. Bxe7 Qxe7 
12. Nxe4 Bxe4 13. P@f3 Bg6 14. O-O N@f4 15. B@g3 Qxe5 16. Bxf4 Qxf4 17. N@d3 
Qd6 18. N@e5 O-O 19. Nxg6 fxg6 20. B@e5 Qe7 21. f4 P@f6 22. Bg4 fxe5 
23. Nxe5 B@f6 24. P@f7+ Kh8 25. N@e6 Rxf7 26. Nxf7+ Qxf7 27. Ng5 Bxg5 28. fxg5 
B@e5 29. Qe2 B@d6 30. B@g3 N@f4 31. Bxf4 Bxf4 32. R@g3 Re8 33. Rae1 P@e4 
34. h4 Bc5 35. N@b3 Bxg3 36. Nxc5 Bd6 37. B@e6 Qf8 38. Nd7 Qe7 39. Bxd5 
cxd5 40. P@f6 N@f4 41. fxg7+ Qxg7 42. P@f6 Nxe2+ 43. Rxe2 Q@h2# 
{liveZ checkmated} 0-1

[Event "fics rated crazyhouse match"]
[Site "fics, Oklahoma City, OK USA"]
[Date "2000.11.25"]
[White "Hhippien"]
[WhiteElo "2145"]
[Black "liveZ"]
[BlackElo "2366"]
[TimeControl "180+0"]
[Result "0-1"]

1. e4 e6 2. d4 Nc6 3. Nf3 Nf6 4. Bg5 Be7 5. Nc3 d5 6. exd5 
Nxd5 7. Nxd5 exd5 8. Bf4 Bg4 9. Be2 P@e4 10. Ng1 Bf5 11. Bb5 N@h4 
12. Bf1 Bb4+ 13. P@c3 Bd6 14. N@e3 Bxf4 15. Nxf5 B@d2+ 16. Qxd2 Bxd2+ 17. Kxd2 
Nxf5 18. B@f4 e3+ 19. Bxe3 N@e4+ 20. Ke2 Nxe3 21. fxe3 Q@f2+ 22. Kd3 Qd2# 
{Hhippien checkmated} 0-1

[Event "fics rated crazyhouse match"]
[Site "fics, Oklahoma City, OK USA"]
[Date "2000.11.25"]
[White "liveZ"]
[WhiteElo "2370"]
[Black "Hhippien"]
[BlackElo "2141"]
[TimeControl "180+0"]
[Result "0-1"]

1. e4 e6 2. d4 d5 3. e5 Nc6 4. Bb5 Ne7 5. Bg5 Qd7 6. Bxe7 
Bxe7 7. Qg4 Rg8 8. N@f6+ Bxf6 9. exf6 B@f5 10. Qxg7 Rxg7 11. fxg7 Q@c1+ 
12. B@d1 Bxc2 13. g8=Q+ N@f8 14. Nc3 Qxa1 15. Bxc6 Qxc6 16. N@f6+ Ke7 17. Qg5 
Qxc3# 
{liveZ resigns} 0-1

[Event "fics rated crazyhouse match"]
[Site "fics, Oklahoma City, OK USA"]
[Date "2000.11.25"]
[White "Hhippien"]
[WhiteElo "2154"]
[Black "liveZ"]
[BlackElo "2357"]
[TimeControl "180+0"]
[Result "0-1"]

1. e4 e6 2. d4 Nc6 3. Nf3 Nf6 4. Bg5 Be7 5. Nc3 d5 6. exd5 
Nxd5 7. Nxd5 exd5 8. Bf4 Bg4 9. Be2 P@e4 10. Ne5 Bxe2 11. Qxe2 Nxd4 
12. Qd2 B@f6 13. Nxf7 Kxf7 14. P@e5 P@d3 15. cxd3 N@f3+ 16. gxf3 Nxf3+ 17. Ke2 
Nxd2 18. e6+ Kf8 19. N@d7+ Qxd7 20. exd7 exd3+ 21. Kxd2 Q@e2+ 22. Kc1 Qc2# 
{Hhippien checkmated} 0-1

[Event "fics rated crazyhouse match"]
[Site "fics, Oklahoma City, OK USA"]
[Date "2000.11.25"]
[White "liveZ"]
[WhiteElo "2361"]
[Black "Hhippien"]
[BlackElo "2150"]
[TimeControl "180+0"]
[Result "1-0"]

1. e4 e6 2. d4 d5 3. exd5 exd5 4. Nf3 Be7 5. Bb5+ Bd7 6. Bxd7+ 
Nxd7 7. Nc3 B@a5 8. O-O Bxc3 9. bxc3 Ngf6 10. Ne5 Ne4 11. Nxd7 Qxd7 
12. N@e5 Nxc3 13. B@g4 P@f5 14. Nxd7 Nxd1 15. P@e6 fxe6 16. Ne5 O-O 17. Bxd1 
P@f6 18. B@h6 Q@h4 19. Nf3 Qg4 20. h3 Qg6 21. Bhf4 P@g5 22. Bxc7 Rac8 
23. P@d6 Bd8 24. Bxd8 Rfxd8 25. N@e7+ Kf7 26. Nxc8 g4 27. Q@e7+ Kg8 28. Qxd8+ 
N@f8 29. Ne7# 
{Hhippien resigns} 1-0

[Event "fics rated crazyhouse match"]
[Site "fics, Oklahoma City, OK USA"]
[Date "2000.11.25"]
[White "Hhippien"]
[WhiteElo "2146"]
[Black "liveZ"]
[BlackElo "2365"]
[TimeControl "180+0"]
[Result "0-1"]

1. e4 e6 2. d4 Nc6 3. Nf3 Nf6 4. Nc3 Bb4 5. Bg5 Nxe4 6. Bxd8 
Nxc3 7. bxc3 Bxc3+ 8. N@d2 Nxd8 9. Rb1 B@a5 10. Bd3 N@f4 11. O-O P@h3 
12. gxh3 Bxd2 13. Nxd2 Bxd2 14. P@g2 P@e3 15. B@g5 Nd5 16. fxe3 Bxe3+ 17. Bxe3 
Nxe3 18. Rxf7 Nxf7 19. Qf3 R@f6 20. Qxe3 B@f2+ 21. Qxf2 Rxf2 22. Kxf2 P@e3+ 
23. Kxe3 N@d5+ 24. Kd2 Q@e3+ 25. Kd1 N@f2# 
{Hhippien checkmated} 0-1

[Event "fics rated crazyhouse match"]
[Site "fics, Oklahoma City, OK USA"]
[Date "2000.11.25"]
[White "liveZ"]
[WhiteElo "2369"]
[Black "Hhippien"]
[BlackElo "2142"]
[TimeControl "180+0"]
[Result "0-1"]

1. e4 e6 2. d4 d5 3. e5 Nc6 4. Bb5 Ne7 5. Bg5 Qd7 6. Bxe7 
Bxe7 7. Qg4 Rg8 8. N@f6+ Bxf6 9. exf6 a6 10. Bxc6 Qxc6 11. fxg7 B@f6 
12. B@e5 Qxc2 13. Bxf6 N@d3# 
{liveZ resigns} 0-1

[Event "fics rated crazyhouse match"]
[Site "fics, Oklahoma City, OK USA"]
[Date "2000.11.25"]
[White "Hhippien"]
[WhiteElo "2155"]
[Black "liveZ"]
[BlackElo "2356"]
[TimeControl "180+0"]
[Result "0-1"]

1. e4 e6 2. d4 Nc6 3. Be2 Nf6 4. Bg5 Be7 5. Nc3 d5 6. e5 
Ne4 7. Bxe7 Qxe7 8. Nf3 Nxc3 9. bxc3 N@e4 10. B@d2 B@b2 11. O-O Bxc3 
12. Bxc3 Nxc3 13. Qe1 Nxe2+ 14. Qxe2 B@g4 15. B@b5 P@e4 16. N@e3 B@h5 17. N@f4 
Bxf3 18. gxf3 Bxf3 19. Qd2 Qg5+ 20. B@g3 Qxf4 21. Bxc6+ bxc6 22. N@h3 Qh6 
23. Nf5 exf5 24. Qxh6 gxh6 
{Hhippien resigns} 0-1

[Event "fics rated crazyhouse match"]
[Site "fics, Oklahoma City, OK USA"]
[Date "2000.11.25"]
[White "liveZ"]
[WhiteElo "2360"]
[Black "Hhippien"]
[BlackElo "2151"]
[TimeControl "180+0"]
[Result "1-0"]

1. e4 e6 2. d4 d5 3. exd5 exd5 4. Nf3 Be7 5. Ne5 Nd7 6. Bb5 
c6 7. Be2 P@d6 8. Nxd7 Bxd7 9. N@h5 Bf8 10. h4 Nf6 11. Bg5 N@e4 
12. Bxf6 Nxf6 13. Nxf6+ gxf6 14. P@g5 N@e4 15. gxf6 Qxf6 16. Bf3 Nxf2 17. Kxf2 
Bg7 18. Re1+ P@e4 19. N@c7+ Ke7 20. N@h5 Qxd4+ 21. Qxd4 Bxd4+ 22. P@e3 Bxb2 
23. Bxe4 P@g3+ 24. Nxg3 dxe4 25. N@d5+ cxd5 26. Nxd5+ Kd8 27. P@c7+ Kc8 28. Q@b8+ 
Rxb8 29. cxb8=Q+ Kxb8 30. P@c7+ Ka8 31. R@b8+ Rxb8 32. cxb8=Q+ Kxb8 33. P@c7+ Kc8 
34. R@d8# 
{Hhippien checkmated} 1-0

[Event "fics rated crazyhouse match"]
[Site "fics, Oklahoma City, OK USA"]
[Date "2000.11.25"]
[White "liveZ"]
[WhiteElo "2368"]
[Black "Hhippien"]
[BlackElo "2143"]
[TimeControl "180+0"]
[Result "0-1"]

1. e4 e6 2. d4 d5 3. exd5 exd5 4. Nf3 Be7 5. Ne5 Nd7 6. Bb5 
P@c6 7. Be2 Ngf6 8. O-O Ne4 9. Bf3 Nd6 10. Nc3 Nxe5 11. dxe5 Nc4 
12. Bf4 N@g6 13. N@h5 Rg8 14. Nxd5 cxd5 15. Bxd5 Nxb2 16. Qd4 N@e2+ 17. Kh1 
Nxd4 18. P@f6 gxf6 19. exf6 Bxf6 20. Nxf6+ Qxf6 21. B@g5 Qf5 22. P@e4 Qg4 
23. e5 P@f3 24. P@g3 fxg2+ 25. Bxg2 P@f3 26. Bxf3 Nxf3 27. P@g2 Nd2 28. P@f3 
Nxf3 29. P@h3 Qe6 30. Rad1 P@e7 31. Bxe7 Nxe7 32. P@f6 P@e2 33. fxe7 exf1=Q+ 
34. Rxf1 P@g7 35. N@c5 Qc6 36. P@d7+ Bxd7 37. Nxd7 Qxd7 38. gxf3 B@c6 39. B@g2 
P@e2 40. Rg1 R@d1 41. N@e1 B@b4 42. c3 Bxe7 43. h4 P@d2 44. Bxd2 Qxd2 
45. P@f6 Rxe1 46. fxe7 Rxg1+ 47. Kxg1 R@e1+ 48. B@f1 exf1=Q+ 49. Bxf1 N@e2+ 50. Kg2 
Bxf3+ 51. Kxf3 B@h1+ 52. P@g2 Ng1+ 53. Kg4 N@h6+ 54. Kh5 Q@g6# 
{liveZ checkmated} 0-1

[Event "fics rated crazyhouse match"]
[Site "fics, Oklahoma City, OK USA"]
[Date "2000.11.25"]
[White "venomous"]
[WhiteElo "2402"]
[Black "LINDEGREN"]
[BlackElo "2331"]
[TimeControl "60+0"]
[Result "1-0"]

1. e4 Nf6 2. Nc3 Nc6 3. Nf3 d5 4. exd5 Nxd5 5. Bc4 e6 6. d4 
Bb4 7. Bd2 Bxc3 8. bxc3 f5 9. O-O O-O 10. Bxd5 exd5 11. P@h6 B@f6 
12. B@g5 P@e4 13. hxg7 exf3 14. gxf8=Q+ Qxf8 15. Qxf3 P@g7 16. Qxd5+ N@f7 17. Bxf6 
gxf6 18. R@g3+ B@g6 19. P@h5 N@e7 20. Qb3 Kh8 21. hxg6 Nxg6 22. N@h6 Nxh6 
23. Bxh6 P@g7 24. N@f7+ Qxf7 25. Qxf7 
{LINDEGREN resigns} 1-0

[Event "fics rated crazyhouse match"]
[Site "fics, Oklahoma City, OK USA"]
[Date "2000.11.25"]
[White "LINDEGREN"]
[WhiteElo "2325"]
[Black "venomous"]
[BlackElo "2408"]
[TimeControl "60+0"]
[Result "1-0"]

1. e4 e6 2. Nc3 Nc6 3. d4 Nf6 4. a3 d5 5. exd5 Nxd5 6. Nf3 
P@f6 7. Bb5 Bd7 8. O-O Bd6 9. Nxd5 exd5 10. N@h5 Rg8 11. Qe2+ N@e4 
12. P@d3 Bg4 13. dxe4 dxe4 14. Qxe4+ P@e7 15. Bxc6+ bxc6 16. Qxc6+ B@d7 17. Qe4 
Bdf5 18. Qe2 Bxh5 19. P@c6 Bfg4 20. N@e1 Bxf3 21. Nxf3 N@h4 22. B@e4 Bxf3 
23. Bxf3 Nxf3+ 24. Qxf3 N@h4 25. Qh3 B@g5 26. Bxg5 fxg5 27. P@d7+ Kf8 28. B@e3 
B@e6 29. B@g4 Bxg4 30. Qxg4 B@e6 31. B@f5 Bxf5 32. Qxf5 Nxf5 33. B@h3 B@d5 
34. Bxf5 N@e2+ 35. Kh1 Q@h3 36. Bxh3 Bxg2+ 37. Bxg2 
{venomous forfeits on time} 1-0

[Event "fics rated crazyhouse match"]
[Site "fics, Oklahoma City, OK USA"]
[Date "2000.11.25"]
[White "venomous"]
[WhiteElo "2398"]
[Black "LINDEGREN"]
[BlackElo "2335"]
[TimeControl "60+0"]
[Result "0-1"]

1. e4 e6 2. Nc3 Nf6 3. Nf3 d5 4. d4 Nxe4 5. Nxe4 dxe4 6. Ne5 
Nc6 7. Nxc6 bxc6 8. N@e5 P@b7 9. N@g5 Bb4+ 10. c3 Bxc3+ 11. bxc3 O-O 
12. Nxe4 P@f5 13. P@f6 gxf6 14. Nxf6+ Qxf6 15. P@g5 Qd8 16. B@f6 P@e7 17. Bxe7 
Qxe7 18. P@f6 Qd8 19. Bd3 B@d6 20. O-O N@d5 21. Bd2 Nxf6 22. gxf6 Qxf6 
23. N@h5 Qe7 24. Bh6 Rd8 25. Nxc6 bxc6 26. P@g7 P@f6 27. Re1 P@e4 28. Bxe4 
fxe4 29. Rxe4 Bb7 30. P@g5 fxg5 31. P@f6 Qd7 32. Bxg5 c5 33. Rh4 N@g6 
34. Rh3 Bxg2 35. Kxg2 B@d5+ 36. P@f3 P@c2 37. Qxc2 cxd4 38. cxd4 P@g4 39. Qxg6 
gxf3+ 40. Rxf3 N@h4# 
{venomous forfeits on time} 0-1

[Event "fics rated crazyhouse match"]
[Site "fics, Oklahoma City, OK USA"]
[Date "2000.11.25"]
[White "LINDEGREN"]
[WhiteElo "2344"]
[Black "venomous"]
[BlackElo "2389"]
[TimeControl "60+0"]
[Result "1-0"]

1. e4 e6 2. Nc3 b6 3. d4 Bb7 4. Bd3 Nf6 5. f3 Nc6 6. Be3 
Bb4 7. Nh3 e5 8. dxe5 Nxe5 9. O-O P@c4 10. P@g5 cxd3 11. cxd3 Nh5 
12. P@g4 B@c5 13. d4 Nc4 14. gxh5 Nxe3 15. Qd3 Nxf1 16. Rxf1 Bxd4+ 17. Kh1 
Bdxc3 18. bxc3 N@e5 19. Qd1 P@e2 20. Qxe2 B@d3 21. Qf2 Bxf1 22. N@f5 Bxg2+ 
23. Qxg2 Rg8 24. P@g6 R@d1+ 25. B@g1 hxg6 26. hxg6 Nxg6 27. B@h7 Bc5 28. Bxg8 
Bxg1 29. Bxf7+ Kxf7 30. Nxg1 B@c5 31. B@h5 B@h7 32. Bxg6+ Bxg6 33. N@h6+ gxh6 
34. Nxh6+ Kg7 35. P@f6+ Kh8 36. P@g7+ Kh7 37. R@h8+ Qxh8 38. gxh8=Q# 
{venomous resigns} 1-0

[Event "fics rated crazyhouse match"]
[Site "fics, Oklahoma City, OK USA"]
[Date "2000.11.25"]
[White "venomous"]
[WhiteElo "2380"]
[Black "LINDEGREN"]
[BlackElo "2353"]
[TimeControl "60+0"]
[Result "1-0"]

1. e4 Nf6 2. Nc3 Nc6 3. Nf3 d5 4. exd5 Nxd5 5. Bc4 e6 6. d4 
Bb4 7. Bd2 Qe7 8. O-O Bxc3 9. bxc3 N@f4 10. Bxd5 Nxd5 11. Re1 f5 
12. P@f7+ Qxf7 13. Ng5 Qe7 14. c4 Nf6 15. d5 Nd4 16. dxe6 Bxe6 17. P@f7+ 
Kd8 18. Bc3 B@d6 19. Bxd4 P@e4 20. Bxf6 Qxf6 21. Nxe6+ Qxe6 22. N@g5 Qe7 
23. N@g8 Qxg5 24. f8=Q+ B@e8 25. N@f7+ Kd7 26. Nxg5 Rxg8 27. Q@e6+ Kc6 28. Qfxd6+ 
cxd6 29. Qdxd6# 
{LINDEGREN checkmated} 1-0

[Event "fics rated crazyhouse match"]
[Site "fics, Oklahoma City, OK USA"]
[Date "2000.11.25"]
[White "LINDEGREN"]
[WhiteElo "2346"]
[Black "venomous"]
[BlackElo "2387"]
[TimeControl "60+0"]
[Result "1-0"]

1. e4 e6 2. Nc3 b6 3. d4 Bb7 4. Bd3 Nf6 5. f3 Nc6 6. Be3 
Bb4 7. Nh3 e5 8. dxe5 Nxe5 9. O-O P@a3 10. Ne2 axb2 11. Rb1 P@c4 
12. Rxb2 Ba3 13. Rb1 cxd3 14. cxd3 B@e7 15. P@g5 Ng8 16. P@h6 Nxh6 17. gxh6 
Rg8 18. hxg7 Rxg7 19. N@f5 Rg8 20. P@f4 Ng6 21. d4 P@e6 22. Nfg3 Nh4 
23. P@g5 P@g7 24. f5 exf5 25. exf5 Bad6 26. f6 gxf6 27. gxf6 Bxf6 28. P@g5 
Bfe7 29. Ne4 Bxh2+ 30. Kxh2 Bxe4 31. P@g3 N@g4+ 32. fxg4 Bxb1 33. Qxb1 Ng6 
34. N@f6+ Bxf6 35. gxf6 P@h4 36. B@e7 hxg3+ 37. Nxg3 Nxe7 38. B@f2 Ng6 39. P@e7 
Qb8 40. B@f4 P@d6 41. Ng5 B@d5 42. Nxh7 R@h8 43. Nh5 Rxh7 44. P@g7 
{venomous forfeits on time} 1-0